 Dungeon Crawl Stone Soup version 0.18-a0-1539-g1c7284a (webtiles) character file.

39 mrath the Magician (level 3, 0/26 HPs)
             Began as a Draconian Wizard on Mar 9, 2016.
             Slain by an adder (3 damage)
             ... on level 2 of the Dungeon.
             The game lasted 00:11:08 (2264 turns).

mrath the Magician (Draconian Wizard)               Turns: 2264, Time: 00:11:09

Health: 0/26       AC:  5    Str:  9    XL:     3   Next: 26%
Magic:  5/8        EV: 12    Int: 19    God:
Gold:   42         SH:  0    Dex:  9    Spells: 4 memorised, 2 levels left

rFire  . . .     SeeInvis .     h - +0 whip
rCold  . . .     Gourm    .     (armour unavailable)
rNeg   . . .     Faith    .     (no shield)
rPois  .         Spirit   .     a - +0 hat
rElec  .         Dismiss  .     (no cloak)
rCorr  .         Reflect  .     (no gloves)
SustAt .         Harm     .     (no boots)
MR     .....                    (no amulet)
Stlth  ++........               (no ring)
                                (no ring)

@: lethally poisoned (0 -> -2), very slightly contaminated, repel missiles, not
resistant to hostile enchantments, unstealthy
A: unfitting armour, cold-blooded, AC +5
a: no special abilities


You were on level 2 of the Dungeon.
You were not hungry.

You visited 1 branch of the dungeon, and saw 2 of its levels.

You collected 42 gold pieces.

Inventory:

Hand Weapons
 h - a +0 whip (weapon)
 j - a +2 mace of venom
 u - a +0 hunting sling
Missiles
 l - 11 sling bullets
 s - 13 stones (quivered)
Armour
 a - a +0 hat (worn)
Jewellery
 t - an uncursed ring of resist corrosion {unknown}
Scrolls
 f - a scroll of identify {unknown}
 i - a scroll of remove curse {unknown}
 k - a scroll of magic mapping {unknown}
 m - a scroll of recharging {unknown}
 o - a scroll of random uselessness {unknown}
 p - a scroll of teleportation {unknown}
 r - a scroll of amnesia {unknown}
Potions
 e - 2 potions of flight {unknown}
 n - a potion of agility {unknown}
 q - a potion of beneficial mutation {unknown}
Books
 b - a book of Minor Magic

   Spells                             Type                      Level
   a - Magic Dart                     Conjuration                  1
   b - Blink                          Translocation                2
   c - Call Imp                       Summoning                    2
   d - Repel Missiles                 Charms/Air                   2
   e - Slow                           Hexes                        2
   f - Conjure Flame                  Conjuration/Fire             3
   g - Mephitic Cloud                 Conjuration/Poison/Air       3
Comestibles
 c - a bread ration
 d - a meat ration


   Skills:
 - Level 1.8 Dodging
 - Level 1.9 Stealth
 * Level 3.8 Spellcasting
 + Level 1.6 Conjurations
 - Level 1.0 Summonings
 - Level 1.0 Translocations


You had 2 spell levels left.
You knew the following spells:

 Your Spells              Type           Power        Failure   Level  Hunger
a - Magic Dart            Conj           #...         10%         1    None
b - Call Imp              Summ           #.......     17%         2    ##.....
c - Blink                 Tloc           N/A          17%         2    ##.....
d - Repel Missiles        Chrm/Air       #.....       24%         2    ##.....


Dungeon Overview and Level Annotations

Branches:
Dungeon (2/15)

Altars:
Ru


Innate Abilities, Weirdness & Mutations

Your plain brown scales are hard (AC +5).
Your body does not fit into most forms of armour.
You are cold-blooded and may be slowed by cold attacks.


Message History

* * * LOW HITPOINT WARNING * * *
You feel sick.
A kobold comes into view.
It is wielding a short sword of freezing.
The kobold shouts!
The kobold throws a stone.
The stone is repelled.
The kobold throws a stone.
The stone is repelled.
You feel sick.
The kobold throws a stone.
The stone closely misses you. The adder bites you.
* * * LOW HITPOINT WARNING * * *
The adder completely misses you.
Found a sacrificial altar of Ru.
* * * LOW HITPOINT WARNING * * *
You feel sick.
Found an emerald potion.
A rat comes into view.
The adder bites you but does no damage.
* * * LOW HITPOINT WARNING * * *
You feel sick. The adder bites you.
You die...

# ## . #. .# .#..
.##.# ... ...#
###.####..# #.
##.....##@.#
#..#.......#S##
#..#...r...#S#
#......_.....#
#..#.......#.#
..#.!...K.#.#
######.##.....##.#
.......####.####..
....##.K..........#


You could see 2 adders.

Vanquished Creatures
  4 dart slugs (D:1)
  2 giant cockroaches (D:1)
  7 hobgoblins
  2 jackals (D:2)
  3 kobolds
  A quokka (D:2)
  2 bats (D:1)
  3 giant newts (D:1)
  2 goblins (D:1)
  2 rats (D:1)
28 creatures vanquished.

Notes
Turn   | Place    | Note
--------------------------------------------------------------
     0 | D:1      | mrath the Draconian Wizard began the quest for the Orb.
     0 | D:1      | Reached XP level 1. HP: 14/14 MP: 4/4
   556 | D:1      | Reached XP level 2. HP: 20/20 MP: 0/6
   617 | D:1      | Learned a level 2 spell: Call Imp
  1577 | D:1      | Reached XP level 3. HP: 15/26 MP: 0/8
  2164 | D:2      | Learned a level 2 spell: Blink
  2167 | D:2      | Learned a level 2 spell: Repel Missiles
  2256 | D:2      | Found a sacrificial altar of Ru.
  2264 | D:2      | Slain by an adder

Vault maps used:
D:1:      lightli_arrival_lavapool
D:2:      old_standard_altar, dk_noncrumbling_2, kennysheep_generic_room_3

Action                   || total
-------------------------++-------
Melee: Club              ||    31
       Whip              ||    15
 Cast: Magic Dart        ||    94
       Repel Missiles    ||     1
 Stab: Sleeping          ||     1
  Eat: Chunk             ||     4
